 Dungeon Crawl Stone Soup version 0.23.0-3-gf3c87f2 (webtiles) character file.

Game seed: 14684875898232229944

205 Lanoc the Slasher (level 5, -1/37 HPs)
             Began as an Octopode Berserker on Feb 22, 2019.
             Was a Believer of Trog.
             Slain by a bullfrog (7 damage)
             ... on level 3 of the Dungeon.
             The game lasted 00:04:21 (1660 turns).

Lanoc the Slasher (Octopode Berserker)              Turns: 1660, Time: 00:04:22

Health: -1/37      AC:  1    Str: 17    XL:     5   Next: 83%
Magic:  5/5        EV: 11    Int: 10    God:    Trog [**....]
Gold:   135        SH:  0    Dex: 11    Spells: 4/4 levels left

rFire    . . .     SeeInvis .   a - +1 falchion
rCold    . . .     Gourm    .   (no shield)
rNeg     . . .     Faith    .   (helmet restricted)
rPois    .         Spirit   .   (no amulet)
rElec    .         Reflect  .   h - -3 ring of evasion (curse)
rCorr    .         Harm     .   (no ring)
MR       .....                  (no ring)
Stlth    +++.......             (no ring)
HPRegen  0.12/turn              (no ring)
MPRegen  0.09/turn              (no ring)
                                (no ring)
                                (no ring)

@: berserk cooldown
A: almost no armour, stealthy swim, amphibious, 8 rings, constrict 8, camouflage
1, gelatinous body 1
a: Berserk, Trog's Hand, Renounce Religion


You were on level 3 of the Dungeon.
You worshipped Trog.
Trog was pleased with you.
You were very hungry.

You visited 1 branch of the dungeon, and saw 3 of its levels.

You collected 135 gold pieces.

Inventory:

Hand Weapons
 a - a +1 falchion (weapon)
Jewellery
 h - a cursed -3 ring of evasion (left tentacle)
Scrolls
 e - 2 scrolls of teleportation
 i - a scroll of enchant weapon
Potions
 c - a potion of heal wounds {unknown}
 d - a potion of curing {unknown}
 g - a potion of mutation {unknown}
 l - a potion of cancellation {unknown}
Comestibles
 b - 4 rations
 f - 17 chunks of flesh


   Skills:
 + Level 3.8 Fighting
 * Level 4.6 Long Blades
 + Level 3.8 Dodging
 + Level 3.2 Stealth


You had 4 spell levels left.
You didn't know any spells.
Your spell library was empty.

Dungeon Overview and Level Annotations

Branches:
Dungeon (3/15)

Altars:
Nemelex Xobeh


Innate Abilities, Weirdness & Mutations

You cannot wear most types of armour.
You are very stealthy in the water. (Stealth+)
You are amphibious.
You can wear up to eight rings at the same time.
You can use your tentacles to constrict eight enemies at once.
Your skin changes colour to match your surroundings (Stealth+).
Your rubbery body absorbs attacks. (AC +1, EV +1)


Message History

You are feeling very hungry.
You hit the bullfrog. Your grab misses the bullfrog.
The bullfrog is moderately wounded.
The bullfrog hits you. The hobgoblin closely misses you.
The bullfrog barely misses you.
You hit the bullfrog. Your grab misses the bullfrog.
Your squeeze misses the bullfrog.
The bullfrog is heavily wounded.
The hobgoblin barely misses you.
You riposte.
You hit the hobgoblin. Your grab misses the hobgoblin.
The hobgoblin is lightly wounded.
The bullfrog barely misses you.
You riposte.
You hit the bullfrog. Your grab misses the bullfrog.
Your squeeze misses the bullfrog.
The bullfrog is heavily wounded.
You slash the bullfrog! You grab the bullfrog.
The bullfrog is almost dead.
You constrict the bullfrog. The bullfrog hits you!
* * * LOW HITPOINT WARNING * * *
The hobgoblin closely misses you. The bullfrog hits you!
You die...

#......# #......#
#......#######).....#
#............'))....#
#.))...#######......#
##)##### #.###### #(#
######.#
#.######......#
#.#......######
#.#...g@F# #.#......#
#.#......g. ##
#.#.....>.... #.
#.#............ #.
#)######....... ##
#.# #....... #.#
....... #.#


You could see a bullfrog and 2 hobgoblins.

Vanquished Creatures
  A worker ant (D:3)
  2 orc wizards (D:3)
  6 adders
  An ooze (D:3)
  2 worms (D:2)
  A dart slug (D:1)
  A leopard gecko (D:1)
  9 orcs (D:3)
  A bat (D:2)
  4 giant cockroaches
  7 hobgoblins
  2 jackals (D:2)
  2 quokkas (D:2)
  3 frilled lizards
  5 goblins
  7 kobolds
  5 rats
59 creatures vanquished.

Notes
Turn   | Place    | Note
-------+----------+-------------------------------------------
     0 | D:1      | Lanoc the Octopode Berserker began the quest for the Orb.
     0 | D:1      | Reached XP level 1. HP: 16/16 MP: 1/1
   116 | D:1      | Reached XP level 2. HP: 21/21 MP: 2/2
   119 | D:1      | Reached skill level 1 in Stealth
   492 | D:2      | Reached XP level 3. HP: 26/26 MP: 3/3
   667 | D:2      | Reached ** piety under Trog
   695 | D:2      | Found a sparkling altar of Nemelex Xobeh.
   894 | D:2      | Reached XP level 4. HP: 19/31 MP: 4/4
  1401 | D:3      | Reached skill level 4 in Long Blades
  1490 | D:3      | Reached XP level 5. HP: 26/37 MP: 5/5
  1660 | D:3      | Slain by a bullfrog

Skill      XL: |  1  2  3  4  5 |
---------------+----------------+-----
Stealth        | 1 2 3 |  3.2
Long Blades    | 4 |  4.6
Fighting       | |  3.8
Dodging        | |  3.8

Action                   |  1- 3 |  4- 6 || total
-------------------------+-------+-------++-------
Melee: Falchion          |    55 |    45 ||   100
       Constrict         |    22 |    15 ||    37
       Tentacles         |    11 |    14 ||    25
Invok: Berserk           |     2 |     1 ||     3
       Trog's Hand       |       |     2 ||     2
  Use: Scroll            |       |     5 ||     5
 Stab: Sleeping          |     2 |     4 ||     6
  Eat: Chunk             |     1 |     4 ||     5
Armor: Skin              |     1 |     1 ||     2
Dodge: Dodged            |    40 |    39 ||    79
       Rpst.: Falchion   |    18 |    12 ||    30
